 Dungeon Crawl Stone Soup version 0.17-a0-1838-g891d947 (console) character file.

297677 utis the Spry (level 22, -26/142 HPs)
             Began as a Kobold Wizard on Sept 7, 2015.
             Was the Champion of Sif Muna.
             Killed from afar by an ancient champion (46 damage)
             ... with an iron shot
             ... on level 3 of the Vaults on Sept 15, 2015.
             The game lasted 08:07:54 (113762 turns).

utis the Spry (Kobold Wizard)                     Turns: 113762, Time: 08:07:54

Health: -26/142    AC: 20    Str: 11    XL:     22   Next: 25%
Magic:  36/40      EV: 25    Int: 23    God:    Sif Muna [******]
Gold:   1520       SH:  9    Dex: 17    Spells: 15 memorised, 2 levels left

rFire  + + .     SeeInvis +     a - +10 quick blade {pierce, Int+5}
rCold  . . .     Clarity  .     e - +3 ring mail
rNeg   . . .     SustAt   .     Y - +2 buckler {rF+}
rPois  .         Gourm    .     P - +2 helmet {SInv}
rElec  .         Spirit   .     R - +0 cloak
rCorr  .         Warding  .     N - +1 pair of gloves
rMut   .         Stasis   .     m - +2 pair of boots
MR     ++...                    W - amulet of faith {!P}
Stlth  +++++.....               q - ring of protection from fire
                                Z - ring of protection from magic {=R}

@: swift, quick, very resistant to hostile enchantments, quite stealthy
A: carnivore 3, no device heal 1
a: Channel Energy, Forget Spell, Renounce Religion
}: 1/15 runes: serpentine


You were on level 3 of the Vaults.
You worshipped Sif Muna.
Sif Muna was exalted by your worship.
You were completely stuffed.

You visited 7 branches of the dungeon, and saw 38 of its levels.
You also visited: Bailey and Ice Cave.

You collected 3551 gold pieces.
You spent 2031 gold pieces at shops.

Inventory:

Hand weapons
 a - the +10 quick blade of Offence (weapon) {pierce, Int+5}
   (You acquired it on level 10 of the Dungeon)

   It inflicts extra damage upon your enemies.
   It affects your intelligence (+5).
 c - a +0 blowgun
 t - a +2 demon trident of electrocution
Missiles
 w - 97 poisoned needles
 U - 13 throwing nets {=f}
Armour
 e - a +3 ring mail (worn)
 m - a +2 pair of boots (worn)
 y - a mottled dragon hide
 N - a +1 pair of gloves (worn)
 P - a +2 helmet of see invisible (worn)
 R - a +0 cloak (worn)
 Y - a +2 buckler of fire resistance (worn)
Jewellery
 q - a ring of protection from fire (right hand)
 L - an uncursed ring of teleportation
 V - an uncursed amulet of clarity
 W - an amulet of faith (around neck) {!P}
 X - an uncursed ring of stealth
 Z - a ring of protection from magic (left hand) {=R}
Magical devices
 i - a wand of fireball (3)
 A - a wand of confusion (25)
 F - a wand of polymorph (14)
 O - a wand of disintegration (20)
Scrolls
 h - 20 scrolls of remove curse
 n - 13 scrolls of teleportation {!r}
 r - 2 scrolls of fear {!r}
 s - 6 scrolls of fog
 z - 7 scrolls of blinking {!r}
 D - a scroll of summoning
 I - 2 scrolls of magic mapping
 Q - 8 scrolls of identify
Potions
 f - a potion of agility
 k - 2 potions of curing
 l - 4 potions of magic
 p - 3 potions of invisibility
 u - 4 potions of flight
 x - 2 potions of cancellation
 C - 5 potions of heal wounds
 M - 2 potions of haste
 T - 4 potions of resistance
Books
 j - Sif Muna's Collected Works on Calling
   (Sif Muna gifted it to you on level 4 of the Snake Pit)

   Spells                             Type                      Level
   a - Summon Butterflies             Summoning                    1
   b - Recall                         Summoning/Translocation      3
   c - Shadow Creatures               Summoning                    5
   d - Summon Greater Demon           Summoning                    7
Miscellaneous
 J - a phantom mirror
 S - a fan of gales
Comestibles
 b - a slice of pizza
 d - 15 meat rations
 g - 6 beef jerkies
 o - 3 chunks of flesh
 B - 5 royal jellies


   Skills:
 - Level 16.0 Fighting
 - Level 12.4 Short Blades
 - Level 8.2 Armour
 - Level 17.0 Dodging
 - Level 11.5 Stealth
 - Level 5.8 Shields
 + Level 14.9 Spellcasting
 - Level 9.0 Conjurations
 - Level 14.4 Hexes
 - Level 4.9 Summonings
 - Level 5.1 Translocations
 - Level 7.0 Fire Magic
 - Level 2.0 Air Magic
 - Level 3.3 Poison Magic
 - Level 8.0 Invocations
 - Level 5.0 Evocations


You had 2 spell levels left.
You knew the following spells:

 Your Spells              Type           Power        Failure   Level  Hunger
b - Summon Butterflies    Summ           #####...     1%          1    None
d - Conjure Flame         Conj/Fire      ######..     1%          3    None
e - Passage of Golubria   Tloc           N/A          12%         4    None
g - Shroud of Golubria    Chrm/Tloc      ####......   4%          2    None
q - Sticky Flame          Conj/Fire      ######..     2%          4    None
r - Repel Missiles        Chrm/Air       ###...       10%         2    None
s - Swiftness             Chrm/Air       ###.....     10%         2    None
v - Blink                 Tloc           N/A          1%          2    None
C - Mephitic Cloud        Conj/Pois/Air  #####...     2%          3    None
I - Invisibility          Hex            ######..     2%          6    #####..
M - Tukima's Dance        Hex            ######..     1%          3    None
S - Silence               Hex/Air        ######....   10%         5    ##.....
U - Cause Fear            Hex            ######....   1%          4    None
X - Summon Mana Viper     Hex/Summ       ######..     4%          5    ##.....
Z - Slow                  Hex            ######..     1%          2    None


Dungeon Overview and Level Annotations

Branches:
Dungeon (15/15)            Temple (1/1) D:5            Lair (8/8) D:8
 Shoals (3/4) Lair:3        Snake (4/4) Lair:5        Slime (0/6) Lair:8
    Orc (4/4) D:9             Elf (0/3) Orc:3        Vaults (3/5) D:13
 Depths (0/5) D:15
  Crypt: Vaults:2-3

Altars:
Ashenzari
Cheibriados
Dithmenos
Elyvilon
Fedhas
Gozag
Kikubaaqudgha
Makhleb
Nemelex Xobeh
Okawaru
Qazlal
Ru
Sif Muna
Trog
Vehumet
Xom
Yredelemnul
Zin
The Shining One
Beogh
Jiyva

Shops:
D:6 =   Orc:2 }   Orc:4 (:[*

Annotations:
D:12 6 runed doors
Lair:6 Rupert


Innate Abilities, Weirdness & Mutations

You are small and have problems with some larger weapons.
You are carnivorous and can eat meat at any time.
Potions and wands are less effective at restoring your health.


Message History

The ancient champion completely misses your butterfly.
The ancient champion gestures at you while chanting.
The iron shot hits you!
* * * LOW HITPOINT WARNING * * *
Casting: Summon Butterflies
Confirm with . or Enter, or press ? or * to list all spells.
You feel quick.
The ancient champion hits you with a battleaxe of chopping!!
* * * LOW HITPOINT WARNING * * *
x2 The ancient champion points at you and mumbles some strange words.
The iron shot hits you!
* * * LOW HITPOINT WARNING * * *
Press: ? - help, v - describe, . - travel
Here: an ancient champion, wielding a battleaxe of chopping and wearing a plate armour (fast)
The floor.
Unknown command.
Unknown command.
The ancient champion points at you and mumbles some strange words.
The iron shot hits you!
You die...

▓▓......▓.....▓.))..▓..▓........▓
...b...W▓.▓.▓.▓.▓▓▓.▓..▓........+
.......G▓.. . ▓.. ..▓..▓........▓
........▓. ▓. ...▓.....▓........+
.......b▓ ▓ ▓▓▓.▓.▓.▓.▓........▓
...b....▓ ▓. .. ▓........▓
........▓ .. ...▓........▓
........▓▓▓▓▓▓▓+▓▓▓▓▓▓▓▓........▓
.........G....z.K................
.................................
..b..............................
▓▓▓▓▓▓▓▓▓▓▓▓▓▓▓▓▓▓▓▓▓▓▓▓▓▓▓▓▓▓▓▓▓


You could see an ancient champion and a giant orange brain.

Vanquished Creatures
  Frederick (Vaults:2)
  Jorgrun (Snake:2)
  Polyphemus (Shoals:2)
  A sphinx (Vaults:2)
  Kirke (Snake:4)
  6 greater nagas
  An orc warlord (Orc:4)
  Aizul (Snake:1)
  2 vault wardens
  4 ironheart preservers
  A very ugly thing (D:13)
  A stone giant (Vaults:2)
  Nessos (Lair:7)
  The ghost of shakdrar the Unseen, a powerful OpAs of Dithmenos (D:13)
  A salamander stormcaller (Vaults:3)
  A merfolk javelineer (Shoals:3)
  Snorg (D:14)
  3 vault guards
  4 merfolk impalers
  Josephine (D:10)
  A fire dragon (shapeshifter) (D:13)
  3 yaktaur captains
  Fannar (Orc:2)
  Harold (Orc:2)
  11 naga warriors
  13 centaur warriors
  5 merfolk avatars
  An ice dragon (Vaults:2)
  9 hydras
  3 catoblepae
  An alligator snapping turtle (Shoals:3)
  26 anacondas
  A merfolk aquamancer (Shoals:1)
  2 satyrs
  A deep troll shaman (Lair:8)
  5 ogre magi
  23 death yaks
  A tengu warrior (D:13)
  A titan zombie (D:15)
  Urug (Orc:1)
  6 orc high priests (Orc:4)
  21 naga sharpshooters
  8 shock serpents
  4 fire crabs
  4 salamander mystics
  3 deep elf knights
  3 skeletal warriors
  A hell knight (Vaults:2)
  4 lindwurms (Snake:4)
  2 sea snakes
  4 unseen horrors
  A flayed ghost (D:15)
  9 naga ritualists
  3 ice devils (IceCv)
  2 ice statues (IceCv)
  5 deep trolls (Vaults:2)
  4 necromancers
  A tengu zombie (D:15)
  9 ironbrand convokers
  A hornet (Vaults:2)
  6 hill giants
  A mana viper (shapeshifter) (Vaults:2)
  2 wolf spiders (Vaults:1)
  13 mana vipers
  15 griffons
  23 elephants
  12 orc knights
  A wizard (Vaults:1)
  12 cyclopes
  3 fauns
  8 manticores
  14 salamanders
  4 orc sorcerers
  41 ugly things
  4 vault sentinels
  8 guardian serpents
  2 water nymphs
  7 sirens
  31 naga magi
  13 spiny frogs
  The ghost of Stormsson the Magician, an experienced SpCj (D:6)
  2 gargoyles
  76 black mambas
  9 fire drakes
  18 komodo dragons
  3 kobold demonologists
  2 yaktaurs (Vaults:2)
  An entropy weaver zombie (D:15)
  4 anaconda simulacra (IceCv)
  3 tengu conjurers (D:13)
  4 blue devils (IceCv)
  2 harpy zombies
  2 wind drakes
  5 polar bears
  18 merfolk
  13 slime creatures
  7 trolls
  14 two-headed ogres
  8 blink frogs
  A deep troll zombie (D:15)
  2 griffon zombies (Shoals:2)
  A stone giant simulacrum (Vaults:2)
  6 boulder beetles
  4 snapping turtles
  6 water elementals
  A spriggan (D:8)
  5 deep elf fighters
  2 hogs (Snake:4)
  8 basilisks
  2 wyverns
  56 yaks
  6 deep elf magi
  17 vampire mosquitoes
  A fire bat (Shoals:1)
  A hungry ghost (D:12)
  2 shadows
  8 wraiths
  2 mottled dragons
  A harpy simulacrum (IceCv)
  14 swamp worms (Lair:8)
  39 wolves
  4 hydra simulacra (IceCv)
  59 nagas
  An iron troll simulacrum (IceCv)
  22 hippogriffs
  11 porcupines
  4 wargs
  4 ice beasts
  38 orc warriors
  2 eyes of draining
  18 water moccasins
  6 sky beasts
  3 phantoms
  A black bear (Lair:8)
  34 ogres
  6 spiders (Snake:4)
  A necrophage (D:15)
  16 centaurs
  22 crocodiles
  5 boggarts (Vaults:2)
  A big kobold (D:9)
  21 giant frogs
  Blork the orc (D:5)
  A wyvern zombie (D:12)
  A gnoll sergeant (D:12)
  3 wyvern skeletons
  6 scorpions
  A hippogriff zombie (Shoals:2)
  2 electric eels (Lair:4)
  6 jellies
  3 wights
  7 crimson imps
  7 centaur skeletons
  9 hounds
  5 centaur zombies
  6 giant frog zombies
  A gnoll shaman (D:5)
  26 orc priests
  23 orc wizards
  2 giant frog skeletons
  Jessica (D:2)
  A quasit (D:9)
  12 iguanas
  13 worker ants
  54 sheep
  A hound zombie (D:5)
  A hound skeleton (D:10)
  Robin (D:3)
  23 gnolls
  66 river rats
  4 shadow imps
  20 adders
  An ooze (D:3)
  2 adder zombies
  An adder skeleton (D:8)
  6 worms
  4 giant geckos
  176 orcs
  A ball python (D:1)
  A bat zombie (Shoals:2)
  6 giant cockroaches
  17 goblins
  11 hobgoblins
  11 jackals
  19 kobolds
  6 quokkas
  13 bats
  9 giant newts
  A quokka skeleton (D:8)
  9 rats
  A plant (Lair:8)
1717 creatures vanquished.

Vanquished Creatures (collateral kills)
  7 greater nagas
  An ancient champion (Vaults:3)
  Roxanne (D:14)
  A vault warden (Vaults:3)
  4 naga warriors
  3 anacondas
  5 naga sharpshooters
  2 skeletal warriors (Vaults:2)
  A wizard (Vaults:2)
  3 shock serpents
  2 salamander mystics (Snake:4)
  A naga ritualist (Snake:2)
  A deep elf knight (Vaults:2)
  A necromancer (Vaults:2)
  2 manticores
  10 mana vipers
  2 ugly things
  A black mamba (Snake:4)
  A guardian serpent (Snake:3)
  3 naga magi (Snake:4)
  A water nymph (Shoals:2)
  A salamander (Snake:4)
  A vault sentinel (Vaults:2)
  A merfolk (Shoals:2)
  A two-headed ogre (Vaults:1)
  2 deep elf magi (Vaults:2)
  2 hogs (Snake:4)
  9 nagas
  An orc warrior (Vaults:2)
  A necrophage (D:8)
  2 ogres (Vaults:1)
  A wight (D:6)
  A water moccasin skeleton (D:4)
  An orc priest (D:9)
  An orc wizard (D:5)
  A gnoll (D:3)
  2 orcs
  A kobold (D:9)
82 creatures vanquished.

Vanquished Creatures (others)
  3 dancing weapons
  A shadow (Vaults:3)
  A human (Snake:4)
  A centaur (D:14)
  2 bushes
  125 fungi
  90 plants
223 creatures vanquished.

Grand Total: 2022 creatures vanquished

Notes
Turn   | Place    | Note
--------------------------------------------------------------
     0 | D:1      | utis the Kobold Wizard began the quest for the Orb.
     0 | D:1      | Reached XP level 1. HP: 10/10 MP: 4/4
    23 | D:1      | Reached skill level 1 in Conjurations
   358 | D:1      | Reached XP level 2. HP: 15/15 MP: 0/6
  1052 | D:1      | Learned a level 2 spell: Call Imp
  1113 | D:1      | Reached XP level 3. HP: 19/19 MP: 3/7
  1317 | D:1      | Learned a level 3 spell: Mephitic Cloud
  1882 | D:2      | Noticed Jessica
  1927 | D:2      | Killed Jessica
  1927 | D:2      | Reached skill level 1 in Air Magic
  1927 | D:2      | Reached skill level 1 in Poison Magic
  1927 | D:2      | Reached XP level 4. HP: 24/24 MP: 4/8
  1965 | D:2      | Learned a level 3 spell: Conjure Flame
  2878 | D:3      | Reached skill level 1 in Fire Magic
  2878 | D:3      | Reached XP level 5. HP: 21/28 MP: 1/9
  3369 | D:3      | Noticed Robin
  3445 | D:3      | Killed Robin
  3944 | D:2      | Reached skill level 1 in Short Blades
  4610 | D:3      | Reached skill level 1 in Fighting
  4766 | D:3      | Reached XP level 6. HP: 34/34 MP: 7/10
  5564 | D:4      | Reached XP level 7. HP: 40/40 MP: 8/11
  5970 | D:3      | Reached skill level 4 in Short Blades
  6520 | D:4      | Reached skill level 5 in Short Blades
  7083 | D:5      | Entered Level 5 of the Dungeon
  7221 | D:5      | Reached XP level 8. HP: 46/46 MP: 8/12
  7255 | D:5      | Learned a level 2 spell: Blink
  7258 | D:5      | Learned a level 2 spell: Repel Missiles
  7933 | D:5      | Found a staircase to the Ecumenical Temple.
  7954 | Temple   | Entered the Ecumenical Temple
  8076 | Temple   | crap
  8656 | D:5      | Learned a level 2 spell: Slow
  8657 | D:5      | Upgraded the game from 0.17-a0-1769-g54adf96 to 0.17-a0-1778-gd369669
  8824 | D:5      | Noticed Blork the orc
  8849 | D:5      | Killed Blork the orc
  8849 | D:5      | Reached skill level 1 in Hexes
  9462 | D:6      | Noticed Stormsson's ghost (experienced SpCj)
  9465 | D:6      | Killed Stormsson's ghost
  9465 | D:6      | Reached XP level 9. HP: 51/51 MP: 5/15
 10520 | D:6      | Got a shimmering chain mail
 10654 | D:6      | Found Mootsizu's Jewellery Boutique.
 11749 | D:6      | Reached skill level 5 in Conjurations
 13884 | D:7      | Identified the +1 chain mail "Rougaw" {MP+9 Slay+3} (You found it on level 6 of the Dungeon)
 13936 | D:7      | Found a deep blue altar of Sif Muna.
 14133 | D:7      | Reached skill level 5 in Dodging
 14575 | D:7      | Found a shadowy altar of Dithmenos.
 14701 | D:7      | Reached XP level 10. HP: 58/58 MP: 4/16
 14945 | D:7      | Learned a level 2 spell: Swiftness
 14997 | D:8      | Noticed a manticore
 15005 | D:8      | Killed a manticore
 15005 | D:8      | Reached skill level 5 in Fighting
 15005 | D:8      | Reached skill level 6 in Dodging
 15121 | D:8      | Found a staircase to the Lair.
 15368 | D:7      | Reached skill level 7 in Dodging
 15572 | D:7      | Became a worshipper of Sif Muna the Loreminder
 15784 | D:8      | Reached skill level 5 in Hexes
 16585 | Lair:1   | Entered Level 1 of the Lair of Beasts
 16600 | Lair:1   | Acquired Sif Muna's first power
 16987 | Lair:1   | Reached skill level 5 in Spellcasting
 17103 | Lair:1   | Noticed a spiny frog
 17133 | Lair:1   | Killed a spiny frog
 17867 | Lair:1   | Learned a level 4 spell: Sticky Flame
 17899 | Lair:1   | Reached XP level 11. HP: 64/64 MP: 18/21
 18207 | Lair:1   | Acquired Sif Muna's second power
 18262 | Lair:1   | Reached skill level 1 in Invocations
 20474 | Lair:2   | Noticed a griffon
 20491 | Lair:2   | Killed a griffon
 20491 | Lair:2   | Reached skill level 5 in Fire Magic
 23843 | Lair:3   | Reached XP level 12. HP: 57/70 MP: 18/23
 24229 | Lair:3   | Acquired Sif Muna's third power
 24375 | Lair:3   | Reached skill level 8 in Conjurations
 24487 | Lair:3   | Noticed a manticore
 24610 | Lair:3   | Killed a manticore
 24878 | Lair:3   | Found a staircase to the Shoals.
 24922 | Lair:3   | Reached skill level 9 in Dodging
 25183 | Lair:3   | Noticed a griffon
 25201 | Lair:3   | Killed a griffon
 25201 | Lair:3   | Reached skill level 1 in Armour
 25610 | Lair:3   | Noticed a death yak
 25642 | Lair:3   | Killed a death yak
 25812 | Lair:3   | Noticed a death yak
 25813 | Lair:3   | Noticed a death yak
 25817 | Lair:3   | Noticed a death yak
 25818 | Lair:3   | Noticed a death yak
 25869 | Lair:3   | Killed a death yak
 25869 | Lair:3   | Reached skill level 10 in Dodging
 26027 | Lair:3   | Killed a death yak
 26086 | Lair:3   | Killed a death yak
 26302 | Lair:2   | Reached skill level 11 in Dodging
 26428 | Lair:3   | Killed a death yak
 28080 | Lair:4   | Reached XP level 13. HP: 57/76 MP: 10/24
 30113 | Lair:4   | Reached skill level 10 in Short Blades
 31637 | Lair:5   | Reached skill level 12 in Dodging
 32003 | Lair:5   | Reached skill level 5 in Armour
 32980 | Lair:5   | Reached XP level 14. HP: 75/84 MP: 25/25
 33400 | Lair:5   | Found a staircase to the Snake Pit.
 34674 | Lair:6   | Reached skill level 1 in Evocations
 36082 | Lair:6   | Reached skill level 10 in Fighting
 37032 | Lair:6   | Noticed Rupert
 37570 | Lair:6   | me
 38338 | Lair:7   | Got a transparent scale mail
 38566 | Lair:7   | Identified the +4 scale mail of Ginoamur {rF+} (You found it on level 7 of the Lair of Beasts)
 39414 | Lair:7   | You fall through a shaft!
 39414 | Lair:8   | Entered Level 8 of the Lair of Beasts
 40812 | Lair:8   | Reached XP level 15. HP: 74/92 MP: 16/26
 40848 | Lair:8   | Noticed Nessos
 41018 | Lair:7   | Upgraded the game from 0.17-a0-1778-gd369669 to 0.17-a0-1793-gcbb3aa1
 41035 | Lair:7   | Killed Nessos
 41770 | Lair:8   | Got a brightly glowing hunting sling
 41771 | Lair:8   | Identified the +5 hunting sling "Zookuys" {velocity, +Blink +Inv} (You found it on level 8 of the Lair of Beasts)
 42565 | Lair:8   | Found a viscous altar of Jiyva.
 42565 | Lair:8   | Found a staircase to the Slime Pits.
 43945 | Lair:8   | Learned a level 6 spell: Invisibility
 45118 | Lair:7   | Received a gift from Sif Muna
 45119 | Lair:7   | Identified Sif Muna's Collected Works on Heat (Sif Muna gifted it to you on level 7 of the Lair of Beasts)
 45124 | Lair:7   | Learned a level 3 spell: Ignite Poison
 45589 | Lair:7   | Upgraded the game from 0.17-a0-1793-gcbb3aa1 to 0.17-a0-1798-g879a7aa
 45866 | Lair:8   | Reached skill level 10 in Hexes
 46364 | Lair:8   | Got a dazzling hand crossbow
 46365 | Lair:8   | Identified the +4 hand crossbow of the Messenger {elec, Dex+4} (You found it on level 8 of the Lair of Beasts)
 48115 | D:9      | Found a staircase to the Orcish Mines.
 48119 | D:9      | Found a roughly hewn altar of Beogh.
 48773 | D:10     | Entered Level 10 of the Dungeon
 48778 | D:10     | Noticed Josephine
 48789 | D:10     | Killed Josephine
 49044 | D:10     | Found an opulent altar of Gozag.
 49265 | D:10     | Identified a scroll of acquirement
 49266 | D:10     | Got a bloodstained quick blade
 49267 | D:10     | Identified the +10 quick blade of Offence {pierce, Int+5} (You acquired it on level 10 of the Dungeon)
 49268 | D:10     | okay
 49268 | D:10     | hmm
 49952 | D:11     | Found a flagged portal.
 49967 | Bailey   | Entered a bailey
 50063 | Bailey   | Got a brightly glowing leather armour
 50092 | Bailey   | Identified the +3 leather armour of the Catamount {rPois} (You took it off a kobold in a bailey)
 50183 | Bailey   | Found a burning altar of Makhleb.
 50632 | D:11     | Reached XP level 16. HP: 81/98 MP: 21/28
 51103 | D:11     | meh
 51500 | D:12     | Found a sparkling altar of Nemelex Xobeh.
 52034 | D:12     | Found a runed gate.
 52034 | D:12     | Found a runed gate.
 52034 | D:12     | Found a runed gate.
 52122 | D:12     | Found a runed gate.
 52122 | D:12     | Found a runed gate.
 52122 | D:12     | Found a runed gate.
 52489 | D:12     | Reached skill level 5 in Stealth
 54492 | D:13     | Noticed shakdrar's ghost (powerful OpAs)
 54552 | D:13     | Killed shakdrar's ghost
 55660 | D:13     | Found a gate to the Vaults.
 56020 | D:13     | Got a faintly humming chain mail
 56042 | D:13     | Identified the +0 chain mail of Pandemonium {rElec Int-5 Dex+6} (You took it off a tengu warrior on level 13 of the Dungeon)
 57257 | D:9      | Upgraded the game from 0.17-a0-1798-g879a7aa to 0.17-a0-1804-gf6433eb
 57258 | Orc:1    | Entered Level 1 of the Orcish Mines
 57987 | Orc:1    | Noticed Urug
 58020 | Orc:1    | Killed Urug
 58745 | Orc:1    | Upgraded the game from 0.17-a0-1804-gf6433eb to 0.17-a0-1805-g6093636
 59153 | Orc:2    | Noticed Harold
 59160 | Orc:2    | Killed Harold
 59453 | Orc:2    | Noticed Fannar
 59458 | Orc:2    | Found Gisaus's Quality Used Wands.
 59464 | Orc:2    | Killed Fannar
 60150 | Orc:3    | Reached skill level 10 in Stealth
 60330 | Orc:3    | Found a staircase to the Elven Halls.
 60874 | Orc:3    | Found a bloodstained altar of Trog.
 61142 | Orc:4    | Entered Level 4 of the Orcish Mines
 61637 | Orc:4    | Found Wiat's Antique Armour Shoppe.
 61797 | Orc:4    | Found Pip Ergh's General Store.
 62156 | Orc:4    | Reached XP level 17. HP: 104/106 MP: 21/29
 62239 | Orc:4    | Bought a pair of runed boots for 126 gold pieces
 62239 | Orc:4    | Bought a glowing helmet for 126 gold pieces
 62349 | Orc:4    | Found a roughly hewn altar of Beogh.
 62613 | Orc:4    | Found Julih's Book Boutique.
 62648 | Orc:4    | Found Waxev's Antique Weapon Shoppe.
 63385 | Orc:4    | Bought a book of Enchantments for 800 gold pieces
 63385 | Orc:4    | Bought the Papyrus of Harmful Creation for 979 gold pieces
 63759 | D:14     | Noticed Roxanne
 64440 | D:14     | Received a gift from Sif Muna
 64441 | D:14     | Identified Sif Muna's Guide on Torrid Confrontation (Sif Muna gifted it to you on level 14 of the Dungeon)
 64866 | D:14     | Noticed Snorg
 64875 | D:14     | Killed Snorg
 65011 | D:14     | Got a distressingly furry robe
 65290 | D:14     | Learned a level 5 spell: Summon Mana Viper
 65390 | D:14     | Killed Roxanne
 65398 | D:14     | Identified Roxanne's Tome of Dusty Shape Shifting (You took it off Roxanne on level 14 of the Dungeon)
 65484 | D:15     | Entered Level 15 of the Dungeon
 65978 | D:15     | Reached skill level 10 in Spellcasting
 66006 | D:15     | Found a staircase to the Depths.
 66816 | D:15     | Learned a level 4 spell: Cause Fear
 67390 | D:15     | Received a gift from Sif Muna
 67428 | D:15     | Identified Huwek's Tome of Attacks (Sif Muna gifted it to you on level 15 of the Dungeon)
 67677 | D:15     | Gained mutation: Potions and wands are less effective at restoring your health. [mutagenic glow]
 69098 | Snake:1  | Entered Level 1 of the Snake Pit
 70001 | Shoals:1 | Entered Level 1 of the Shoals
 71209 | Shoals:1 | Reached XP level 18. HP: 112/112 MP: 32/34
 72171 | Shoals:1 | Learned a level 5 spell: Silence
 72202 | Shoals:1 | Reached skill level 1 in Shields
 74861 | Snake:1  | Noticed Aizul
 74963 | Shoals:2 | Noticed Polyphemus
 74999 | Shoals:2 | Killed Polyphemus
 74999 | Shoals:2 | Reached skill level 5 in Shields
 75593 | Shoals:2 | Got a jewelled chain mail
 75622 | Shoals:2 | Identified the +6 chain mail of a labyrinth {+Blink Str+3} (You found it on level 2 of the Shoals)
 76368 | Shoals:2 | fuck
 77448 | Shoals:2 | Received a gift from Sif Muna
 77449 | Shoals:2 | Identified Sif Muna's Catalogue of Hexes and Intoxication (Sif Muna gifted it to you on level 2 of the Shoals)
 78374 | Shoals:3 | Found a frozen archway.
 78400 | IceCv    | Entered an ice cave
 78847 | IceCv    | Reached skill level 13 in Spellcasting
 79719 | IceCv    | Noticed an Ice Fiend
 80619 | Shoals:2 | Upgraded the game from 0.17-a0-1805-g6093636 to 0.17-a0-1830-g81820eb
 80748 | Snake:1  | Killed Aizul
 80870 | Snake:1  | Identified Ceodd's Reference Book on Congealing Curses
 81941 | Lair:5   | Learned a level 2 spell: Shroud of Golubria
 82284 | Snake:1  | Reached skill level 14 in Spellcasting
 82358 | Snake:1  | Reached XP level 19. HP: 116/116 MP: 28/37
 83149 | Snake:2  | Received a gift from Sif Muna
 83681 | Snake:2  | Got a slimy ring mail
 83755 | Snake:2  | Identified the +1 ring mail of the Queen {rC+++ MP-9 Int-2 Dex+3} (You found it on level 2 of the Snake Pit)
 84004 | Snake:2  | Upgraded the game from 0.17-a0-1830-g81820eb to 0.17-a0-1831-gaadb308
 84850 | Shoals:3 | Learned a level 3 spell: Tukima's Dance
 86872 | Snake:2  | Noticed Jorgrun
 86907 | Snake:2  | Killed Jorgrun
 89033 | Snake:2  | Found a sparkling altar of Nemelex Xobeh.
 90839 | Snake:3  | Got a slimy leather armour
 92072 | Snake:3  | Reached XP level 20. HP: 126/126 MP: 17/38
 93585 | Snake:3  | Reached skill level 15 in Dodging
 94297 | Snake:3  | Reached skill level 5 in Invocations
 94728 | Snake:3  | Identified the +0 leather armour of the Wumpus {+Blink rElec rF+ Str+4} (You found it on level 3 of the Snake Pit)
 94971 | Snake:3  | Learned a level 4 spell: Passage of Golubria
 95001 | Snake:4  | Entered Level 4 of the Snake Pit
 95858 | Snake:4  | Noticed Kirke
 95879 | Snake:4  | Killed Kirke
 98259 | Snake:4  | Reached skill level 5 in Evocations
100136 | Snake:4  | Received a gift from Sif Muna
100137 | Snake:4  | Identified Sif Muna's Collected Works on Calling (Sif Muna gifted it to you on level 4 of the Snake Pit)
100390 | Snake:4  | Learned a level 1 spell: Summon Butterflies
102715 | Snake:4  | Reached XP level 21. HP: 119/132 MP: 34/39
103083 | Snake:4  | Received a gift from Sif Muna
103372 | Snake:4  | Got a serpentine rune of Zot
104083 | Vaults:1 | Entered Level 1 of the Vaults
106015 | Vaults:1 | Got a jewelled leather armour
106162 | Vaults:1 | Identified the +1 leather armour of the Gate {rPois} (You found it on level 1 of the Vaults)
107108 | Vaults:1 | Reached skill level 15 in Fighting
107514 | Vaults:1 | Reached skill level 16 in Dodging
107836 | Vaults:1 | Upgraded the game from 0.17-a0-1831-gaadb308 to 0.17-a0-1838-g891d947
109620 | Vaults:2 | Noticed Frederick
110291 | Vaults:2 | Killed Frederick
111183 | Vaults:2 | Reached skill level 17 in Dodging
111525 | Vaults:2 | Reached XP level 22. HP: 130/142 MP: 28/40
111647 | Vaults:2 | oh
112190 | Vaults:2 | Reached skill level 5 in Translocations
113664 | Vaults:3 | ooops
113666 | Vaults:3 | sigh
113762 | Vaults:3 | Killed from afar by an ancient champion

Vault maps used:
D:1:      dpeg_arrival_windows_large_door
D:2:      kennysheep_boxes, uniq_jessica
D:3:      first_bread, uniq_robin
D:5:      minmay_temple_entry_statues_fountains, uniq_blork_the_orc
D:6:      serial_shops, nicolae_shop_statue_plus
D:7:      nicolae_overflow_crystal_walls, grunt_dithmenos_shadows
D:8:      lair_0_dummy, the_bakery, hangedman_decor_clover_reticule,
          minmay_hedge_maze
D:9:      minmay_orc_entry_temple_small, minmay_statues_item
D:10:     lemuel_ice_spiral_2, grunt_gozag_breadcrumbs, uniq_josephine
D:11:     enter_bailey_8
D:12:     kennysheep_treasure_stockpile, hex_medium, nemelex_deck
D:13:     david_vaults_1, minmay_misc_feat_roman
D:14:     uniq_snorg, uniq_roxanne
D:15:     gammafunk_depths_entry_grave, kennysheep_crisscross
Temple:   kilobyte_greek_temple_18
Lair:1:   grunt_megastairs_3, lemuel_fruit_fields, infiniplex_staircase_pool
Lair:2:   minivault_11, serial_bayou_crossing, grunt_megastairs_4
Lair:3:   minmay_shoals_entry_beasts, serial_bayou_shore_b
Lair:4:   nicolae_quartered_pool_super
Lair:5:   minmay_snake_entry_six_corridors, beast_lair_carwin_10,
          serial_bayou_shore_b, grunt_megastairs_2, serial_bayou_shore_b
Lair:6:   st_stairs_11, uniq_rupert
Lair:7:   nicolae_quartered_pool_little, lemuel_fruit_tree
Lair:8:   grunt_lair_end_beastmaster, slime_altar_1, st_stairs_7,
          serial_bayou_pond_e, worms_lemuel, infiniplex_staircase_pool_2,
          uniq_nessos
Shoals:1: hangedman_shoal_volcano
Shoals:2: nicolae_shoals_undead_eyrie, uniq_polyphemus
Shoals:3: portal_ice_cave_entry_pillars_01, nicolae_shoals_loop_pool
Snake:1:  uniq_aizul
Snake:2:  basic_altar, basic_stair_grate_trap, uniq_jorgrun
Snake:3:  st_stairs_8, serial_bayou_shore_b
Snake:4:  snake_pit_salamanders_mu, spider_trap, st_stairs_14, uniq_kirke
Orc:1:    uniq_urug
Orc:2:    nicolae_for_you_no_charge, uniq_fannar, uniq_harold
Orc:3:    nicolae_orc_pool_cavern, trog_butcher_becter
Orc:4:    grunt_orc_gardens, grunt_orc_garden, grunt_orc_garden,
          grunt_orc_garden, grunt_orc_garden, kennysheep_orc_chapel
Vaults:1: grunt_vaults_diagonal, nicolae_vaults_three_branches,
          nicolae_vaults_angled_halls, nicolae_vaults_big_ls, v_misc_32,
          grunt_vaults_funnel, v_misc_13, v_alt_pattern_3, v_misc_2,
          vaults_room_stairs_pillars
Vaults:2: serial_ice_m, v_misc_9, vaults_mumra_lcd, vaults_room_grid,
          v_alt_pattern_3, v_alt_pattern_1, v_alt_pattern_6,
          grunt_vaults_bifocal, v_misc_30, uniq_frederick
Vaults:3: minmay_crypt_entry_simple_round, v_alt_pattern_5, v_misc_10,
          v_misc_25, nicolae_vaults_mini_display_case,
          hangedman_vaults_restitches, nicolae_vaults_asterisk
Bailey:   bailey_axe_3, bailey
IceCv:    ice_cave_tombish

Action                   |  1- 3 |  4- 6 |  7- 9 | 10-12 | 13-15 | 16-18 | 19-21 | 22-24 || total
-------------------------+-------+-------+-------+-------+-------+-------+-------+-------++-------
Melee: Short sword       |    19 |    70 |   226 |   350 |  1378 |       |       |       ||  2043
       Rapier            |       |    10 |   320 |    47 |     2 |       |       |       ||   379
       Quick blade       |       |       |       |       |   109 |  3057 |  2718 |   233 ||  6117
 Fire: Blowgun           |       |       |       |       |    14 |       |    24 |     5 ||    43
Throw: Stone             |       |     5 |       |       |       |       |       |       ||     5
       Tomahawk          |       |       |     1 |     5 |    44 |   113 |    47 |       ||   210
 Cast: Magic Dart        |    74 |   107 |    41 |     5 |     4 |     9 |     1 |       ||   241
       Mephitic Cloud    |       |     4 |    16 |    27 |    55 |    51 |    34 |     1 ||   188
       Call Imp          |       |     8 |    40 |     3 |     1 |       |       |       ||    52
       Slow              |       |       |    52 |   100 |   251 |   366 |   264 |    14 ||  1047
       Conjure Flame     |       |       |    26 |    89 |   164 |    20 |    34 |     1 ||   334
       Repel Missiles    |       |       |     3 |       |     6 |    10 |    16 |     1 ||    36
       Blink             |       |       |     2 |     6 |    10 |     2 |     1 |       ||    21
       Sticky Flame      |       |       |       |    59 |   142 |    15 |   179 |    13 ||   408
       Invisibility      |       |       |       |       |       |    40 |    11 |     3 ||    54
       Ignite Poison     |       |       |       |       |       |     6 |     1 |       ||     7
       Swiftness         |       |       |       |       |       |     3 |       |     1 ||     4
       Summon Mana Viper |       |       |       |       |       |    31 |   142 |     6 ||   179
       Cause Fear        |       |       |       |       |       |     4 |     1 |       ||     5
       Silence           |       |       |       |       |       |     3 |    13 |     6 ||    22
       Shroud of Golubri |       |       |       |       |       |     1 |    68 |     2 ||    71
       Tukima's Dance    |       |       |       |       |       |       |     6 |       ||     6
       Summon Butterflie |       |       |       |       |       |       |     8 |     2 ||    10
       Passage of Golubr |       |       |       |       |       |       |     3 |     1 ||     4
Invok: Channel Energy    |       |       |       |    58 |   172 |    19 |     9 |       ||   258
       Forget Spell      |       |       |       |       |       |     1 |     2 |       ||     3
 Abil: Evoke Invisibilit |       |       |       |       |     1 |       |       |       ||     1
Evoke: Wand              |       |       |       |       |     5 |     2 |       |       ||     7
  Use: Scroll            |     4 |     3 |     2 |    10 |     9 |     9 |     5 |     1 ||    43
       Potion            |       |       |       |     3 |     1 |    12 |     5 |     1 ||    22
 Stab: Confused          |       |     4 |     7 |    10 |    35 |    20 |    11 |     1 ||    88
       Distracted        |       |     1 |       |     1 |       |     6 |    19 |       ||    27
       Sleeping          |       |       |     2 |     1 |     3 |    32 |    10 |     3 ||    51
       Invisible         |       |       |       |       |       |   116 |    25 |     8 ||   149
  Eat: Chunk             |    11 |    12 |    37 |    64 |   126 |   120 |    91 |    10 ||   471
       Pizza             |       |       |       |       |     1 |       |     1 |       ||     2
       Meat ration       |       |       |       |       |       |     1 |     4 |       ||     5
